 Dungeon Crawl Stone Soup version 0.23.2-1-ga50397a (webtiles) character file.

Game seed: 10753514111284781102

777 sankara the Skirmisher (level 7, -4/60 (61) HPs)
             Began as a Ghoul Monk on May 4, 2019.
             Was a Believer of Kikubaaqudgha.
             Killed by divine providence
             ... invoked by an orc priest
              (12 damage)
             ... on level 5 of the Dungeon.
             The game lasted 00:22:07 (4933 turns).

sankara the Skirmisher (Ghoul Monk)                 Turns: 4933, Time: 00:22:08

HP:   -4/60 (61)    AC:  3    Str: 15    XL:     7   Next: 84%
MP:   2/6           EV: 27    Int:  7    God:    Kikubaaqudgha [**....]
Gold: 234           SH:  0    Dex: 14    Spells: 5/6 levels left

rFire    . . .     SeeInvis .   a - +2 short sword (venom)
rCold    + . .     Gourm    .   (no shield)
rNeg     + + +     Faith    .   d - +0 leather armour
rPois    ∞         Spirit   .   (no helmet)
rElec    .         Reflect  .   (no cloak)
rCorr    .         Harm     .   (no gloves)
MR       .....                  (no boots)
Stlth    +++.......             A - amulet of the acrobat
HPRegen  0.00/turn              m - +3 ring of dexterity
MPRegen  0.10/turn              (no ring)

@: acrobat, very slightly contaminated, rotting
A: rotting body, claws 1, carnivore, cold resistance 1, negative energy
resistance 3, inhibited regeneration, torment resistance, unbreathing
a: Receive Corpses, Renounce Religion


You were on level 5 of the Dungeon.
You worshipped Kikubaaqudgha.
Kikubaaqudgha was pleased with you.
You were not hungry.

You visited 2 branches of the dungeon, and saw 6 of its levels.

You collected 234 gold pieces.

Inventory:

Hand Weapons
 a - a +2 short sword of venom (weapon)
   (You took it off a kobold on level 1 of the Dungeon)
 b - a +0 hunting sling
   (You took it off a goblin on level 1 of the Dungeon)
 x - a +0 dagger of draining
   (You took it off a kobold on level 3 of the Dungeon)
Missiles
 e - 171 stones
 s - 2 tomahawks (quivered)
 t - 13 sling bullets
Armour
 d - a +0 leather armour (worn)
   (You found it on level 1 of the Dungeon)
 k - a +0 robe
 B - the +3 hat of Pondering {ponderous, MR+ MP+10 Int+5}
   (You found it on level 4 of the Dungeon)

   It affects your intelligence (+5).
   It affects your resistance to hostile enchantments.
   It affects your magic capacity (+10).
Jewellery
 m - a +3 ring of dexterity (left claw)
   (You found it on level 1 of the Dungeon)
 A - an amulet of the acrobat (around neck)
   (You found it on level 3 of the Dungeon)
Wands
 v - a wand of enslavement (7)
   (You found it on level 5 of the Dungeon)
Scrolls
 f - a scroll of immolation {unknown}
 i - 2 scrolls of remove curse
 j - 3 scrolls of enchant weapon {unknown}
 l - a scroll of identify
 o - a scroll of teleportation {unknown}
 p - a scroll of random uselessness {unknown}
 q - 2 scrolls of blinking {unknown}
 u - a scroll of enchant armour {unknown}
 y - a scroll of noise {unknown}
 C - a scroll of fear {unknown}
Potions
 g - a potion of haste
 h - a potion of might
 n - a potion of flight
 r - 3 potions of heal wounds
 w - 2 potions of curing
Comestibles
 c - 15 rations


   Skills:
 + Level 5.4 Fighting
 - Level 3.1 Throwing
 - Level 3.0 Armour
 - Level 2.6 Dodging
 - Level 5.0 Stealth
 - Level 3.8 Unarmed Combat
 - Level 3.0 Necromancy


You had 5 spell levels left.
You knew the following spells:

 Your Spells              Type           Power        Failure   Level  Hunger
b - Animate Skeleton      Necr           N/A          17%         1    ##.....

Your spell library contained the following spells:

 Spells                   Type           Power        Failure   Level  Hunger
 Pain                     Necr           #...         17%         1    ##.....
 Corpse Rot               Necr           N/A          26%         2    ###....
 Vampiric Draining        Necr           #.........   45%         3    ####...
 Apportation              Tloc           #.....       50%         1    ##.....
 Confusing Touch          Hex            #.....       50%         1    ##.....
 Summon Small Mammal      Summ           #...         50%         1    ##.....


Dungeon Overview and Level Annotations

Branches:
Dungeon (5/15)             Temple (1/1) D:5

Altars:
Ashenzari
Cheibriados
Dithmenos
Fedhas
Gozag
Hepliaklqana
Kikubaaqudgha
Okawaru
Qazlal
Ru
Sif Muna
Trog
Uskayaw
Zin
The Shining One

Annotations:
D:3 1 runed translucent door


Innate Abilities, Weirdness & Mutations

Your body is rotting away.
You thrive on raw meat.
You are immune to poison.
You have sharp fingernails.
You are carnivorous and can eat meat at any time.
Your flesh is cold resistant. (rC+)
You are immune to negative energy. (rN+++)
You do not regenerate when monsters are visible.
You are immune to unholy pain and torment.
You can survive without breathing.


Message History

The orc priest hits you with a +0 falchion.
You are too injured to fight recklessly!
You are too injured to fight recklessly!
You see here an adder corpse.
The orc priest calls upon Beogh to heal something.
The hound bites you but does no damage.
You are too injured to fight recklessly!
You are too injured to fight recklessly!
You are too injured to fight recklessly!
You hit the hound.
The hound is poisoned.
The hound is lightly wounded.
You feel your flesh rotting away. The hound bites you but does no damage.
The phantom blinks!
You closely miss the hound.
The hound is moderately wounded.
The hound closely misses you.
The orc priest looks braver for a moment.
The hound bites you.
You hit the hound.
The hound looks even sicker.
The hound is heavily wounded.
The hound barely misses you.
The orc priest casts a cantrip, but nothing happens.
The hound closely misses you.
You hit the hound but do no damage.
The hound looks as sick as possible!
The hound is severely wounded.
The hound barely misses you.
The orc priest looks braver for a moment.
You barely miss the hound.
The hound is severely wounded.
You kill the hound!
Kikubaaqudgha accepts your kill.
Training target 3.0 for Throwing reached!
Your Throwing skill increases to level 3!
The leopard gecko completely misses you.
The wyvern skeleton bites you. The orc priest completely misses you.
Things that are here:
a hound corpse; an adder corpse
Casting: Animate Skeleton (safe; 17% risk of failure)
Confirm with . or Enter, or press ? or * to list all spells.
You attempt to give life to the dead...
Before your eyes, flesh is ripped from the corpse!
The dead are walking!
The wyvern skeleton bites you! The leopard gecko barely misses you.
The orc priest closely misses you. The orc hits you but does no damage.
The wyvern skeleton bites you but does no damage.
The leopard gecko barely misses you.
Things that are here:
a chunk of flesh {@w0}; an adder corpse
Casting: Animate Skeleton (safe; 17% risk of failure)
Confirm with . or Enter, or press ? or * to list all spells.
You attempt to give life to the dead...
Before your eyes, flesh is ripped from the corpse!
The dead are slithering!
The orc priest calls down the wrath of Beogh upon you.
Beogh smites you!
* * * LOW HITPOINT WARNING * * *
The orc hits you but does no damage.
Your hound skeleton bites the ogre.
The leopard gecko bites you.
* * * LOW HITPOINT WARNING * * *
Things that are here:
a chunk of flesh {@w0}; 2 chunks of flesh {@w0} Eat a chunk of flesh {@w0}? (ye/n/q)
You eat the chunk of flesh {@w0}.
You feel more resilient.
This raw flesh tastes great!
The orc hits you with a +0 dagger.
The orc priest hits you but does no damage.
Your hound skeleton barely misses the ogre.
The leopard gecko bites you.
* * * LOW HITPOINT WARNING * * *
Your adder skeleton closely misses the leopard gecko.
You hit the orc.
The orc is poisoned.
The orc is heavily wounded.
You kill the orc!
Kikubaaqudgha accepts your kill.
Your hound skeleton bites the ogre.
The orc priest looks satisfied for a moment.
The leopard gecko completely misses you.
The phantom barely misses you.
Your adder skeleton bites the leopard gecko.
The orc priest hits you but does no damage.
Your hound skeleton barely misses the ogre.
The ogre hits something with a +0 giant spiked club!!
Things that are here:
a +0 dagger; a +0 leather armour; an orc corpse
Casting: Animate Skeleton (safe; 17% risk of failure)
Confirm with . or Enter, or press ? or * to list all spells.
You miscast Animate Skeleton.
You are very lightly contaminated with residual magic.
Kikubaaqudgha protects you from your miscast necromantic spell!
Casting: Animate Skeleton (safe; 17% risk of failure)
Confirm with . or Enter, or press ? or * to list all spells.
You attempt to give life to the dead...
Before your eyes, flesh is ripped from the corpse!
The dead are walking!
The phantom hits you!
* * * LOW HITPOINT WARNING * * *
You see here a chunk of flesh {@w0}.
The phantom blinks!
The orc priest mumbles some strange prayers to Beogh against you.
Beogh smites you!
You die...
Kikubaaqudgha rasps: "You have failed me!
Welcome... oblivion!"

#. #... ). #.# #..# .# ..
#..# #.## .
#.###..###...###.
#..#.......#.....
#.#.............
###........#.#$..#
#.Z...>...........
###@##......#...#...
#.%W#<#...#.......#.
########l###...#.....>.....
.......Zo..#.....#.......#.
........SZZ..#.....#...#...
...........###...#........#
......?....# #...##.#.#...#
...........# #..>##.......#
...........# ######..#....#


You could see a phantom, an orc priest, a leopard gecko, a wyvern skeleton and a
friendly orc skeleton.

Vanquished Creatures
  An ice beast (D:4)
  An ogre (D:3)
  A scorpion (D:4)
  A crimson imp (Temple)
  A jelly (D:5)
  2 orc priests (D:3)
  A hound (D:5)
  An orc wizard (D:3)
  An iguana (D:4)
  5 worker ants
  A hound skeleton (D:4)
  2 gnolls
  5 adders
  3 oozes
  An adder skeleton (D:4)
  6 dart slugs
  3 leopard geckos
  12 orcs
  5 bats
  6 giant cockroaches
  5 goblins
  9 hobgoblins
  11 jackals
  3 quokkas
  A ball python (D:1)
  7 frilled lizards
  10 kobolds
  A leopard gecko skeleton (D:4)
  8 rats
114 creatures vanquished.

Vanquished Creatures (collateral kills)
  An adder (D:2)
  A gnoll (D:3)
  A hobgoblin (D:2)
3 creatures vanquished.

Grand Total: 117 creatures vanquished

Notes
Turn   | Place    | Note
-------+----------+-------------------------------------------
     0 | D:1      | sankara the Ghoul Monk began the quest for the Orb.
     0 | D:1      | Reached XP level 1. HP: 19/19 MP: 0/0
   168 | D:1      | Reached XP level 2. HP: 19/26 MP: 1/1
   353 | D:1      | Reached XP level 3. HP: 31/31 MP: 2/2
   489 | D:1      | Reached skill level 1 in Armour
   985 | D:2      | Learned a level 1 spell: Animate Skeleton
  1365 | D:2      | Reached skill level 3 in Stealth
  1365 | D:2      | Reached XP level 4. HP: 38/40 MP: 3/3
  1510 | D:2      | Reached skill level 4 in Fighting
  1979 | D:3      | Found a glowing golden altar of the Shining One.
  1979 | D:3      | Found a runed translucent door.
  1979 | D:3      | Noticed an angel
  2002 | D:3      | Reached skill level 1 in Throwing
  2002 | D:3      | Reached skill level 1 in Necromancy
  2002 | D:3      | Reached XP level 5. HP: 16/46 MP: 4/4
  2238 | D:3      | HP: 8/46 [orc priest/divine providence (11)]
  2376 | D:3      | Reached skill level 2 in Armour
  2722 | D:3      | Noticed an ogre
  2733 | D:3      | Killed an ogre
  2733 | D:3      | Reached skill level 4 in Stealth
  2733 | D:3      | Reached XP level 6. HP: 32/53 MP: 5/5
  2773 | D:3      | Found a snail-covered altar of Cheibriados.
  2837 | D:3      | Reached skill level 2 in Necromancy
  2933 | D:3      | Reached skill level 2 in Throwing
  3390 | D:4      | Found the +3 hat of Pondering {ponderous, MR+ MP+10 Int+5}
  3406 | D:4      | Reached XP level 7. HP: 60/60 MP: 6/6
  4100 | D:4      | Reached skill level 5 in Fighting
  4332 | D:5      | Entered Level 5 of the Dungeon
  4332 | D:5      | Found a staircase to the Ecumenical Temple.
  4340 | Temple   | Entered the Ecumenical Temple
  4553 | Temple   | Became a worshipper of Kikubaaqudgha
  4553 | Temple   | Reached * piety under Kikubaaqudgha
  4553 | Temple   | Identified Kikubaaqudgha's Disquisition on Darkness
                  | (Kikubaaqudgha gifted it to you in the Ecumenical Temple)
  4553 | Temple   | Received a gift from Kikubaaqudgha
  4553 | Temple   | Reached ** piety under Kikubaaqudgha
  4592 | Temple   | Reached skill level 3 in Armour
  4688 | D:5      | Reached skill level 3 in Necromancy
  4694 | D:4      | HP: 14/61 [worker ant (5)]
  4711 | D:4      | HP: 12/61 [worker ant (2)]
  4715 | D:4      | Reached skill level 5 in Stealth
  4924 | D:5      | Reached skill level 3 in Throwing
  4932 | D:5      | HP: 8/60 [phantom (8)]
  4933 | D:5      | Killed from afar by an orc priest

Skill      XL: |  1  2  3  4  5  6  7 |
---------------+----------------------+-----
Armour         | 1 2 3 |  3.0
Stealth        | 3 4 5 |  5.0
Fighting       | 4 5 |  5.4
Throwing       | 1 2 3 |  3.1
Necromancy     | 1 2 3 |  3.0
Dodging        | |  2.6
Unarmed Combat | |  3.8

Action                   |  1- 3 |  4- 6 |  7- 9 || total
-------------------------+-------+-------+-------++-------
Melee: Short sword       |    80 |   133 |    83 ||   296
       Unarmed           |    33 |    20 |       ||    53
       Punch             |     1 |     1 |       ||     2
 Fire: Hunting sling     |     8 |     1 |       ||     9
Throw: Stone             |       |     3 |       ||     3
       Tomahawk          |       |     2 |       ||     2
 Cast: Animate Skeleton  |     3 |    19 |     9 ||    31
  Use: Scroll            |     1 |       |     6 ||     7
 Stab: Sleeping          |     3 |     4 |     2 ||     9
       Distracted        |       |     1 |       ||     1
  Eat: Chunk             |    12 |    18 |     9 ||    39
Armor: Leather armour    |    20 |    27 |    18 ||    65
Dodge: Dodged            |    70 |    95 |    89 ||   254

Levels and vault maps discovered:
D:1:      dpeg_arrival_brainrot, layout_loops_cross
D:2:      layout_basic, minmay_fractal_squares_gapless_5
D:3:      layout_loops_ring, kennysheep_slug_shrine, roderic_serpentine_path,
          lemuel_angel_altar
D:4:      layout_basic, first_ration, bh_walls_and_bars
D:5:      layout_basic, bloody_makhleb, nicolae_tso_besieged_by_evil,
          minmay_temple_entry_sparse_star
Temple:   nicolae_temple_figure_eight

Table legend:
 A = Turns spent in this place as a percentage of turns spent in the entire game.
 B = Non-inter-level travel turns spent in this place as a percentage of non-inter-level travel turns spent in the entire game.
 C = Inter-level travel turns spent in this place as a percentage of turns spent in this place.
 D = Turns resting spent in this place as a percentage of non-inter-level travel turns spent in this place.
 E = Turns spent auto-exploring this place as a percentage of non-inter-level travel turns spent in this place.
 F = Non-inter-level travel turns spent in this place divided by the number of levels of this place that you've seen.
                   A       B       C       D       E      F
               +-------+-------+-------+-------+-------+----------------------
         Total | 100.0 | 100.0 |   5.6 |  12.6 |  61.4 | 776.3
       Dungeon |  93.4 |  93.4 |   5.6 |  11.9 |  61.8 | 869.8
        Temple |   6.6 |   6.6 |   5.2 |  23.0 |  55.3 | 309.0
               +-------+-------+-------+-------+-------+----------------------

Table legend:
 A = Kills in this place as a percentage of kills in entire the game.
 B = Kills by you in this place as a percentage of kills by you in the entire game.
 C = Kills by friends in this place as a percentage of kills by friends in the entire game.
 D = Other kills in this place as a percentage of other kills in the entire game.
 E = Experience gained in this place as a percentage of experience gained in the entire game.
 F = Experience gained in this place divided by the number of levels of this place that you have seen.
                   A       B       C       D       E      F
               +-------+-------+-------+-------+-------+----------------------
         Total | 100.0 | 100.0 | 100.0 |   N/A | 100.0 | 185.0
       Dungeon |  94.0 |  93.9 | 100.0 |   N/A |  91.3 | 202.6
        Temple |   6.0 |   6.1 |   0.0 |   N/A |   8.7 |  97.0
               +-------+-------+-------+-------+-------+----------------------
